Map: Ruins of Seras

Players

IIIIIIIIIIII - Winner!

  • Race: Terran Terran
  • League: Master

Wellmet

  • Race: Terran Terran
  • League: Platinum

VOD

Have the link to the VOD?

Description

Time

  • Played on: Nov. 12, 2015, 10:23 p.m.
  • Length: 6:30
Show
View Real Time Build Order
Export as new Build Order

IIIIIIIIIIII Terran - Winner!

Build Orders: 1/1/1 

Get SALT Encoding   

  12  0:01  SCV  
  13  0:14  SCV  
  14  0:19  Supply Depot  
  14  0:26  SCV  
  15  0:30  Refinery  
  15  0:40  SCV  
  16  0:46  Barracks  
  16  0:53  SCV  
  17  1:05  SCV  
  18  1:17  SCV  
  19  1:34  Orbital Command, Marine  
  19  1:35  Factory  
  20  1:41  Supply Depot  
  20  1:52  Marine  
  21  2:00  SCV  
  22  2:09  Marine  
  22  2:12  SCV  
  24  2:20  Hellion  
  24  2:21  Starport  
  26  2:24  SCV  
  26  2:25  Supply Depot  
  26  2:27  Marine  
  28  2:36  SCV  
  29  2:43  Hellion  
  31  2:46  Marine  
  31  2:48  SCV  
  33  2:57  Supply Depot, Medivac  
  35  3:00  Refinery  
  35  3:02  SCV  
  35  3:04  Marine, Widow Mine  
  39  3:22  Command Center  
  39  3:24  Barracks Reactor  
  39  3:33  SCV  
  40  3:38  Viking  
  42  3:42  Factory Tech Lab  
  42  3:45  SCV  
  42  3:47  Supply Depot  
  43  3:57  SCV  
  43  4:05  Marine x2  
  43  4:12  SCV  
  42  4:18  Banshee  
  42  4:20  Cloaking Field  
  42  4:23  Marine x2  
  47  4:37  SCV  
  43  4:40  Orbital Command  
  43  4:41  Marine x2  
  45  4:47  Factory Tech Lab  
  45  4:50  Barracks  
  45  4:53  Barracks  
  45  4:58  Marine  
  45  4:59  Marine  
  47  5:00  SCV, Orbital Command  
  48  5:08  Banshee  
  51  5:15  Engineering Bay  
  51  5:16  Marine x2  
  50  5:26  SCV  
  50  5:28  SCV  
  48  5:34  Marine x2  
  49  5:38  SCV  
  49  5:42  SCV  
  51  5:43  Siege Tank  
  54  5:50  SCV  
  54  5:52  Marine x2  
  54  5:54  SCV  
  58  5:57  Barracks Reactor  
  58  6:02  SCV  
  58  6:03  Starport Reactor  
  59  6:05  Marine  
  59  6:06  SCV  
  59  6:10  Refinery, Marine  
  62  6:14  SCV  
Show
View Real Time Build Order
Export as new Build Order

Wellmet Terran 

Build Orders: 1/1/1 

Get SALT Encoding   

  12  0:01  SCV  
  13  0:13  SCV  
  14  0:18  Supply Depot  
  14  0:25  Refinery  
  14  0:28  SCV  
  15  0:40  SCV  
  16  0:46  Barracks  
  16  0:52  SCV  
  17  1:05  SCV  
  18  1:17  SCV  
  19  1:35  Orbital Command  
  19  1:36  Factory  
  20  1:43  Barracks Reactor  
  19  1:50  Supply Depot  
  19  2:01  SCV  
  20  2:13  SCV  
  21  2:18  Command Center  
  21  2:25  Starport  
  21  2:28  SCV  
  22  2:30  Marine  
  22  2:33  Marine  
  24  2:41  Hellion  
  24  2:43  SCV  
  27  2:49  Supply Depot  
  27  2:52  Marine  
  27  2:54  Marine  
  29  2:59  SCV  
  30  3:10  Medivac  
  30  3:11  Hellion  
  33  3:18  Marine  
  33  3:19  Marine  
  35  3:21  Supply Depot  
  35  3:25  SCV  
  36  3:31  Orbital Command  
  36  3:38  Refinery  
  36  3:52  Factory Tech Lab, Viking  
  36  3:54  SCV, Marine x2  
  41  4:06  SCV  
  39  4:12  SCV  
  39  4:13  Marine x2  
  39  4:16  Siege Tank  
  45  4:18  SCV  
  44  4:24  SCV  
  44  4:30  SCV  
  45  4:36  SCV  
  45  4:37  Marine  
  45  4:40  Starport Reactor  
  45  4:42  SCV  
  45  4:43  Refinery  
  46  4:45  Marine  
  46  4:48  SCV  
  48  4:55  SCV  
  48  4:58  Marine  
  48  4:59  Siege Tank  
  53  5:00  SCV  
  53  5:03  Marine  
  55  5:08  SCV  
  55  5:09  Barracks  
  55  5:12  SCV  
  57  5:18  Supply Depot  
  57  5:24  Barracks  
  57  5:25  Marine  
  57  5:26  Starport Reactor  
  51  5:29  SCV  
  51  5:31  SCV  
  49  5:38  Siege Tank  
  49  5:41  SCV  
  50  5:44  SCV, Engineering Bay  
  50  5:45  Marine x2  
  50  5:53  SCV  
  50  5:56  SCV  
  45  6:04  Marine x2  
  45  6:05  SCV  
  45  6:08  SCV  
  46  6:13  Barracks Tech Lab  
  46  6:17  SCV  
  46  6:19  Missile Turret  
Tags
 
Add a new tag
Caveats
  • Supply blocks, unpowered buildings, or Contaminate may cause inaccurate times.
  • Supply counts are checked every 10 seconds.